Map: Neon Violet Square LE

Players

xXHaVoCXx

  • Race: Terran Terran
  • League: Silver
  • Spawn Location: 11:00

Infamous - Winner!

  • Race: Protoss Protoss
  • League: Silver
  • Spawn Location: 5:00

VOD

Have the link to the VOD?

Description

Time

  • Played on: March 21, 2018, 4:52 p.m.
  • Length: 11:27
Show
View Real Time Build Order
Export as new Build Order

xXHaVoCXx Terran 

Build Orders:  

Get SALT Encoding   

  12  0:01  SCV  
  13  0:13  SCV  
  14  0:20  Supply Depot  
  14  0:25  SCV  
  15  0:41  SCV  
  16  0:43  Barracks  
  16  0:48  Refinery  
  16  0:53  SCV  
  17  1:07  Barracks  
  17  1:08  SCV  
  18  1:20  SCV  
  18  1:22  Supply Depot  
  19  1:32  Marine  
  19  1:34  Supply Depot  
  20  1:54  Marine  
  20  1:55  Marine  
  22  2:01  Barracks  
  22  2:07  Orbital Command  
  22  2:13  Marine  
  23  2:16  Marine  
  23  2:20  Supply Depot  
  24  2:31  Marine  
  24  2:33  Marine  
  26  2:45  Supply Depot  
  26  2:48  Barracks Reactor  
  27  2:52  Barracks Reactor  
  27  2:54  Barracks Reactor  
  26  3:04  SCV  
  27  3:11  Barracks  
  27  3:12  Supply Depot  
  27  3:16  SCV  
  28  3:21  Engineering Bay  
  28  3:28  Marine x2, SCV  
  28  3:29  Marine  
  28  3:30  Marine  
  33  3:34  Marine  
  33  3:36  Marine  
  35  3:49  Marine x2  
  35  3:51  Bunker  
  37  4:00  Barracks Reactor  
  37  4:20  Command Center  
  37  4:32  Bunker  
  37  4:33  Marine  
  37  4:34  Marine x4  
  42  4:40  Marine  
  43  4:45  Marine  
  43  4:46  Marine  
  43  4:52  Marine x3  
  47  4:53  Marine  
  47  4:54  Marine  
  47  4:58  Marine  
  51  5:12  Refinery  
  51  5:16  Marine x5  
  51  5:17  Marine x2  
  51  5:20  Marine  
  59  5:34  Marine x4  
  59  5:35  SCV  
  64  5:45  SCV  
  64  5:47  SCV  
  66  5:55  Marine x2  
  68  5:57  Marine x2, SCV  
  68  6:01  Marine  
  68  6:02  Marine  
  73  6:05  Marine  
  73  6:08  Marine  
  73  6:09  SCV  
  76  6:34  Terran Infantry Weapons Level 1  
  76  6:42  Factory  
  47  7:22  Marine  
  47  7:23  Marine x7  
  47  7:28  SCV  
  56  7:31  Factory Tech Lab  
  56  7:40  Marine x2, SCV x2  
  56  7:41  Marine x6  
  66  7:52  SCV  
  66  7:56  Missile Turret  
  67  7:58  Marine x2  
  67  7:59  Marine x5  
  67  8:04  SCV  
  75  8:31  Terran Infantry Armor Level 1  
  75  8:35  Starport  
  75  8:44  Marine x3  
  78  8:53  Orbital Command  
  78  8:55  Factory Tech Lab  
  78  9:03  Supply Depot  
  78  9:16  Starport  
  78  9:18  Marine  
  78  9:19  Marine x3  
  78  9:20  Marine  
  78  9:22  Marine x3  
  70  9:26  Supply Depot  
  53  9:36  Marine  
  53  9:37  Marine x3  
  51  9:38  Marine  
  51  9:39  Marine x3  
  48  9:48  Supply Depot  
  39  9:54  Marine  
  39  9:55  Marine x3  
  39  9:56  Marine  
  39  9:57  Marine x3  
  39  9:59  Starport Reactor  
  40  10:03  Banshee  
  38  10:12  Marine  
  38  10:13  Marine x3  
  38  10:14  Marine  
  42  10:15  Marine x3  
  42  10:16  Bunker  
  46  10:29  Marine  
  46  10:30  Marine  
  46  10:31  Marine  
  46  10:32  Marine  
  26  10:43  Viking  
  29  10:55  Marine  
Show
View Real Time Build Order
Export as new Build Order

Infamous Protoss - Winner!

Build Orders:  

Get SALT Encoding   

  12  0:01  Probe  
  13  0:13  Probe  
  14  0:19  Pylon  
  14  0:25  Probe  
  15  0:39  Gateway  
  15  0:42  Probe (Chrono Boost)  
  16  0:54  Probe (Chrono Boost)  
  17  1:01  Probe (Chrono Boost)  
  18  1:07  Assimilator  
  18  1:09  Probe  
  18  1:11  Pylon  
  19  1:26  Cybernetics Core  
  19  1:27  Probe  
  20  1:40  Probe  
  20  1:42  Zealot  
  22  1:55  Probe  
  22  2:00  Assimilator  
  23  2:07  Probe  
  24  2:22  Gateway  
  24  2:24  Gateway  
  24  2:25  Probe  
  25  2:30  Warp Gate (Chrono Boost)  
  25  2:33  Robotics Facility  
  25  2:45  Stalker  
  25  2:50  Probe  
  28  3:04  Probe  
  29  3:11  Nexus  
  29  3:14  Pylon  
  29  3:16  Probe  
  30  3:20  Observer  
  31  3:30  Probe  
  30  3:34  Sentry  
  32  3:44  Forge  
  32  3:50  Immortal  
  32  3:53  Pylon  
  36  3:58  Probe  
  37  4:10  Probe, Twilight Council  
  38  4:20  Stalker x2  
  42  4:27  Probe (Chrono Boost)  
  44  4:31  Probe (Chrono Boost)  
  44  4:41  Probe (Chrono Boost), Immortal (Chrono Boost)  
  49  4:50  Probe  
  49  4:51  Probe  
  51  4:59  Sentry  
  53  5:19  Probe  
  53  5:20  Probe  
  55  5:24  Assimilator  
  55  5:26  Assimilator  
  55  5:31  Pylon  
  55  5:35  Gateway  
  55  5:36  Gateway, Stalker x2  
  55  5:38  Zealot  
  55  5:39  Gateway  
  55  5:42  Probe  
  62  5:50  Robotics Bay  
  62  5:56  Protoss Ground Weapons Level 1 (Chrono Boost)  
  62  6:04  Probe (Chrono Boost)  
  64  6:09  Probe (Chrono Boost)  
  64  6:11  Stalker  
  64  6:12  Zealot  
  64  6:13  Zealot  
  70  6:50  Pylon  
  70  6:57  Pylon  
  70  7:04  Colossus (Chrono Boost)  
  70  7:08  Probe x2  
  78  7:13  Zealot  
  78  7:16  Stalker x2  
  78  7:17  Stalker  
  78  7:20  Probe  
  81  7:29  Probe  
  82  7:32  Probe  
  83  7:38  Templar Archives  
  83  7:50  Nexus  
  83  7:52  Pylon  
  83  7:53  Probe  
  83  7:56  Pylon  
  84  8:00  Pylon, Zealot  
  86  8:10  Immortal (Chrono Boost)  
  90  8:27  Probe  
  90  8:28  Pylon  
  90  8:33  Photon Cannon  
  90  8:34  Shield Battery  
  91  8:44  Colossus (Chrono Boost)  
  97  8:53  Sentry x2  
  97  8:54  Sentry x2  
  105  8:59  Phoenix  
  105  9:23  Disruptor (Chrono Boost)  
  94  9:33  Stalker x2  
  94  9:34  Stalker  
  84  9:56  Zealot x3  
  84  9:57  Zealot  
  92  10:09  Immortal (Chrono Boost)  
  96  10:15  Zealot x2  
  86  10:50  Stalker  
  86  10:51  Stalker x2  
  86  10:52  Stalker x3  
Tags
 
Add a new tag
Caveats
  • Supply blocks, unpowered buildings, or Contaminate may cause inaccurate times.
  • Supply counts are checked every 10 seconds.